 Dungeon Crawl Stone Soup version 0.31-a0-640-g39d97e502b (webtiles) character file.

Game seed: 9308177038717353981

2 GordonOverkill the Sneak (level 1, -5/11 HPs)
             Began as a Vine Stalker Delver on Aug 28, 2023.
             Slain by a gnoll sergeant
             ... wielding a +0 spear
              (8 damage)
             ... on level 5 of the Dungeon.
             The game lasted 00:00:27 (57 turns).

GordonOverkill the Sneak (Vine Stalker Delver)        Turns: 57, Time: 00:00:28

Health: -5/11      AC:  3    Str: 14    XL:     1   Next: 30%
Magic:  0/2        EV: 11    Int: 10    God:
Gold:   0          SH:  0    Dex: 15    Spells: 0/0 levels left

rFire   . .          .
                       - Unarmed
rCold   . . .        (no shield)
rNeg    . . .        a - +0 leather armour
rPois   .            (no helmet)
rElec   .            (no cloak)
rCorr   .            (no gloves)
SInv    .            (no boots)
Will    .....        (no amulet)
Stlth   +++          (no ring)
HPRegen 0.21/turn    (no ring)
MPRegen 0.08/turn

%: guardian spirit
@: no status effects
A: fangs 2, magic shield, antimagic bite, no potion heal 2
a: no special abilities


You were on level 5 of the Dungeon.
You visited 1 branch of the dungeon, and saw 2 of its levels.

Inventory:

Armour
 a - a +0 leather armour (worn)
Wands
 f - a wand of digging (3)
Scrolls
 b - a scroll of fog
 d - a scroll of fear
Potions
 e - a potion of haste
 g - a potion of enlightenment {unknown}


   Skills:
 + Level 2.7 Fighting
 - Level 1.5 Dodging
 - Level 6.0 Stealth
 + Level 2.1 Unarmed Combat


You couldn't memorise any spells.
You didn't know any spells.
Your spell library was empty.

Dungeon Overview and Level Annotations

Branches:
Dungeon (6/15)
 Temple: D:4-7

Altars:


Innate Abilities, Weirdness & Mutations

You have extremely sharp teeth.
When hurt, damage is shared between your health and your magic reserves.
Your bite disrupts and absorbs the magic of your enemies.
Potions cannot restore your health.


Message History

You climb upwards.
There is a stone staircase leading down here.
A gnoll sergeant comes into view. It is wielding a +0 spear.
The gnoll sergeant shouts!
You hear a shout!
Found 9 gold pieces.
An iguana comes into view.
Found a blade talisman.
An orc comes into view. It is wielding a +0 club.
A gnoll comes into view. It is wielding a +0 club.
The helpless orc fails to defend itself.
You hit the orc.
The orc is almost dead.
The orc hits you with a +0 club.
* * * LOW HITPOINT WARNING * * *
You closely miss the orc.
The orc is almost dead.
The orc hits you with a +0 club.
* * * LOW HITPOINT WARNING * * *
The gnoll sergeant shouts!
You hit the orc.
You kill the orc!
The iguana hisses angrily.
You hear a shout! x2
You see here a +0 club.
As you read the scroll of revelation, it crumbles to dust.
You feel aware of your surroundings.
You sensed 2 altars. 4 gnolls come into view.
Unknown command.
Unknown command.
The gnoll sergeant attacks as it pursues you!
The gnoll sergeant hits you from afar with a +0 spear!
Ouch! That really hurt!
* * * LOW HITPOINT WARNING * * *
The gnoll sergeant attacks as it pursues you!
The gnoll sergeant misses you.
The gnoll sergeant attacks as it pursues you!
The gnoll sergeant barely misses you.
The gnoll sergeant attacks as it pursues you!
The gnoll sergeant hits you from afar with a +0 spear!
Ouch! That really hurt!
You die...

,**,* *#............## *,* ,**,*
#..............# ****
,**,***#..#####...###.# ***8**
,,,,,,...,* #...# *.# *,_,_,
*,,,,,..,,* #...# *.# **,,,*
,,,,,,#*,,* ##.####.## ***~,~*
,,,,,,*#..* #.###...## *.#*+**
*,***,*#..######.##.....###..,,*
*,* *,##........@#..........****
*,* *,,.$.####.##.........#**
*,* ####..####.###g.......#
*,*##.....####.####.....#.*
,,*#......####.#####...##,*
***#.......ggg.######l.##,* *
#......############.##,* *
##..%..#######...g..##,* *
##.#..#######.###..##,*


You could see a gnoll sergeant and an iguana.

Vanquished Creatures
  An orc (D:5)
1 creature vanquished.

Notes
Turn   | Place    | Note
-------+----------+-------------------------------------------
     0 | D:5      | GordonOverkill the Vine Stalker Delver began the quest for
                  | the Orb.
     0 | D:5      | Reached XP level 1. HP: 11/11 MP: 2/2
     8 | D:6      | Noticed a water moccasin
    12 | D:5      | Noticed a gnoll sergeant
    27 | D:5      | Noticed an iguana
    57 | D:5      | Slain by a gnoll sergeant

Illustrated notes

Levels and vault maps discovered:
D:5:      layout_loops_ring, gammafunk_temple_overflow_statue,
          water_maze_lemuel, uniq_crazy_yiuf_cottage
D:6:      layout_gridville, minmay_temple_entry_purple_smoke,
          chequers_serial_rivers_micro_c

Action                     || total
---------------------------++-------
  Melee: Unarmed           ||     3
    Use: Scroll            ||     1
   Stab: Sleeping          ||     1
  Dodge: Dodged            ||     2

Table legend: (Time is in decaauts)
 A = Elapsed time spent in this place.
 B = Non-inter-level travel time spent in this place.
 C = Inter-level travel time spent in this place.
 D = Time resting spent in this place.
 E = Time spent auto-exploring this place.
 F = Levels seen in this place.
 G = Mean time per level.
                   A        B        C        D        E       F      G
               +--------+--------+--------+--------+--------+-----+--------+
         Total |     57 |     57 |      0 |      0 |      0 |   2 |   28.5 |
       Dungeon |     57 |     57 |      0 |      0 |      0 |   2 |   28.5 |
               +--------+--------+--------+--------+--------+-----+--------+

Top non-repeatable levels by time:
     D:5: 55 daAuts
     D:6: 1 daAuts
